AoeStats
← ElHuguidro

Arabia

509218154Analyzed
1v1 RM · 5d ago on Sep 25, 2026· 89m 49s· 2 players
Game mode
Random Map
Map size
Tiny (2 player)
Population
200
Speed
Normal
Resources
Standard
Victory
Conquest
Starting age
Dark Age
Ending age
Imperial Age
RankedLock teamsTeams togetherTeam positionsShared explorationLock speedFull tech treeHidden civsTurbo modeCheats
Victory
Defeat
🇦🇷 Bulgarians · Argentina
1026
+15
🇹🇷 Slavs · Türkiye
1000
-15
Wagn0
1:41 Loom
10:27 Feudal Age
11:54 Double-Bit Axe
13:08 Loom
15:18 Fletching
20:54 Castle Age
23:52 Horse Collar
24:23 Bow Saw
24:59 Wheelbarrow
26:09 Gold Mining
32:01 Hand Cart
34:20 Stone Mining
39:10 Husbandry
53:54 Detinets
56:00 Padded Archer Armor
58:29 Masonry
60:29 Crossbowman
62:52 Ballistics
66:31 Imperial Age
70:41 Elite Boyar
81:42 Cavalier
84:36 Two-Man Saw
ElHuguidro
7:07 Loom
10:18 Feudal Age
13:24 Arson
14:47 Double-Bit Axe
18:56 Horse Collar
24:01 Castle Age
23:25 Fletching
25:14 Wheelbarrow
25:18 Bodkin Arrow
32:07 Town Watch
41:55 Heavy Plow
45:05 Bow Saw
49:41 Gold Mining
62:12 Imperial Age
67:25 Hand Cart
66:42 Pikeman
68:15 Scale Barding Armor
67:44 Halberdier
70:09 Forging
69:59 Scale Mail Armor
70:31 Onager
71:39 Masonry
72:20 Crop Rotation
72:27 Iron Casting
73:56 Chemistry
75:34 Blast Furnace
74:50 Chain Mail Armor
78:18 Plate Mail Armor
81:33 Bracer
81:37 Squires
81:23 Gambesons
90:54 Gold Shaft Mining
90:10 Stone Mining
Connection lost

Rejoining the realm…

Still unreachable

The connection could not be restored.

Session expired

The server has moved on; the page needs a fresh start.